 Dungeon Crawl Stone Soup version 0.26-a0-667-g92642533e4 (console) character file.

Game seed: 3151881498734003550

133 om the Chopper (level 4, -5/40 HPs)
             Began as a Draconian Berserker on Oct 16, 2020.
             Was a Believer of Trog.
             Slain by an orc warrior
             ... wielding a +0 flail
              (11 damage)
             ... on level 1 of the Dungeon.
             The game lasted 00:04:38 (2487 turns).

om the Chopper (Draconian Berserker)                Turns: 2487, Time: 00:04:39

Health: -5/40      AC:  5    Str: 20    XL:     4   Next: 93%
Magic:  4/4        EV: 12    Int:  8    God:    Trog [**....]
Gold:   111        SH:  0    Dex:  6    Spells: 3/3 levels left

rFire    . . .     SeeInvis .   l - +0 war axe
rCold    . . .     Faith    .   (no shield)
rNeg     . . .     Spirit   .   (armour unavailable)
rPois    .         Reflect  .   (helmet restricted)
rElec    .         Harm     .   (no cloak)
rCorr    .         Rampage  .   (no gloves)
MR       .....                  (no boots)
Stlth    +.........             (no amulet)
HPRegen  0.13/turn              m - -4 ring of dexterity (curse)
MPRegen  0.09/turn              (no ring)

@: no status effects
A: unfitting armour, cold-blooded, AC +5
a: Berserk, Trog's Hand, Renounce Religion


You were on level 1 of the Dungeon.
You worshipped Trog.
Trog was pleased with you.
You visited 1 branch of the dungeon, and saw 2 of its levels.

You collected 111 gold pieces.

Inventory:

Hand Weapons
 l - a +0 war axe (weapon)
Jewellery
 m - a cursed -4 ring of dexterity (left hand)
Scrolls
 a - a scroll of identify {unknown}
 d - a scroll of fog {unknown}
 e - 2 scrolls of remove curse {unknown}
 i - a scroll of teleportation {unknown}
 j - a scroll of enchant weapon {unknown}
 k - a scroll of fear {unknown}
Potions
 b - a potion of invisibility {unknown}
 c - a potion of curing {unknown}
 f - a potion of heal wounds {unknown}
 h - 2 potions of lignification {unknown}


   Skills:
 - Level 4.0 Fighting
 * Level 4.6 Axes
 + Level 3.5 Dodging


You had 3 spell levels left.
You didn't know any spells.
Your spell library was empty.

Dungeon Overview and Level Annotations

Branches:
Dungeon (2/15)

Altars:
The Shining One


Innate Abilities, Weirdness & Mutations

Your plain brown scales are hard. (AC +5)
You cannot fit into any form of body armour.
You are cold-blooded and may be slowed by cold attacks.


Message History

You barely miss the hobgoblin.
You tail-slap the hobgoblin, but do no damage.
The hobgoblin barely misses you. The hobgoblin misses you.
You barely miss the hobgoblin. The hobgoblin closely misses you.
You barely miss the hobgoblin.
Your tail-slap misses the hobgoblin.
The hobgoblin barely misses you.
There is an escape hatch in the ceiling here.
You barely miss the hobgoblin. You tail-slap the hobgoblin.
The hobgoblin is heavily wounded.
The hobgoblin barely misses you.
You hit the hobgoblin.
You kill the hobgoblin!
Trog accepts your kill.
The orc warrior hits you with a +0 flail!
A mysterious force pulls you upwards. The hatch slams shut behind you.
Reactivating autopickup.
Okay, then.
The orc warrior hits you with a +0 flail!
* * * LOW HITPOINT WARNING * * *
The orc warrior hits you with a +0 flail!
You die...

#######
##########.....#
#..............#
#..@.........).#####
#.o...........##...#
#..............#.#.#
#.............##.#.#
#................#.#
##################.#
#####################
#.#
#...............>...#
#.#
#.#################.#
#.#


You could see an orc warrior.

Vanquished Creatures
  4 gnolls
  2 adders (D:2)
  A worm (D:2)
  3 dart slugs (D:1)
  A leopard gecko (D:1)
  A ball python (D:2)
  9 giant cockroaches
  10 goblins
  9 hobgoblins
  11 kobolds
  8 bats
  3 frilled lizards
  5 rats
67 creatures vanquished.

Notes
Turn   | Place    | Note
-------+----------+-------------------------------------------
     0 | D:1      | om the Draconian Berserker began the quest for the Orb.
     0 | D:1      | Reached XP level 1. HP: 19/19 MP: 1/1
   332 | D:1      | Reached XP level 2. HP: 26/26 MP: 2/2
   439 | D:1      | Reached ** piety under Trog
   454 | D:1      | Reached XP level 3. HP: 17/31 MP: 3/3
  1411 | D:2      | Found a glowing golden altar of the Shining One.
  1568 | D:2      | Reached XP level 4. HP: 40/40 MP: 4/4
  2449 | D:2      | Noticed an orc warrior
  2487 | D:1      | Slain by an orc warrior

Illustrated notes

Levels and vault maps discovered:
D:1:      ncdulo_watergridlock, layout_basic, minmay_tall_x
D:2:      minmay_angry_zag, layout_basic, tso_metal_star

Skill      XL: |  1  2  3  4 |
---------------+-------------+-----
Dodging        | 3 |  3.5
Axes           | 4 |  4.6
Fighting       | 4 |  4.0

Action                   |  1- 3 |  4- 6 || total
-------------------------+-------+-------++-------
Melee: Hand axe          |   131 |       ||   131
       Tailslap          |    17 |     5 ||    22
       War axe           |    11 |    39 ||    50
Armor: Skin              |    56 |     9 ||    65
Dodge: Dodged            |   112 |    23 ||   135

Table legend: (Time is in decaauts)
 A = Elapsed time spent in this place.
 B = Non-inter-level travel time spent in this place.
 C = Inter-level travel time spent in this place.
 D = Time resting spent in this place.
 E = Time spent auto-exploring this place.
 F = Levels seen in this place.
 G = Mean time per level.
                   A        B        C        D        E       F      G
               +--------+--------+--------+--------+--------+-----+--------+
         Total |   2517 |   2462 |     55 |    834 |   1129 |   2 | 1258.5 |
       Dungeon |   2517 |   2462 |     55 |    834 |   1129 |   2 | 1258.5 |
               +--------+--------+--------+--------+--------+-----+--------+

Top non-repeatable levels by time:
     D:1: 1428 daAuts
     D:2: 1089 daAuts
